AoeStats
← RafaSchulze

Black Forest

514474118Analyzed
2v2 RM · 3d ago on Oct 18, 2026· 58m 23s· 4 players
Game mode
Random Map
Map size
Medium (4 player)
Population
200
Speed
Normal
Resources
Standard
Victory
Conquest
Starting age
Dark Age
Ending age
Imperial Age
RankedLock teamsTeams togetherTeam positionsShared explorationLock speedFull tech treeHidden civsTurbo modeCheats
Victory
Defeat
🇦🇺 Romans · Australia
1052
+12
🇦🇺 Byzantines · Australia
1051
+12
vs
🇺🇸 Byzantines · United States
995
-13
🇧🇷 Khmer · Brazil
939
-11
Shadow Liberty
0:28 Loom
11:50 Feudal Age
12:16 Double-Bit Axe
14:03 Horse Collar
19:53 Castle Age
18:38 Stone Mining
22:24 Bow Saw
25:47 Wheelbarrow
26:02 Gold Mining
26:21 Heavy Plow
30:35 Imperial Age
29:26 Gold Shaft Mining
30:10 Stone Shaft Mining
31:00 Hand Cart
31:04 Scale Barding Armor
31:24 Husbandry
32:25 Conscription
33:38 Logistica
34:15 Chain Barding Armor
34:22 Ballistics
33:45 Treadmill Crane
35:00 Crop Rotation
36:34 Plate Barding Armor
36:10 Forging
37:47 Two-Man Saw
36:32 Fishing Lines
39:19 Elite Cataphract
40:34 Fortified Wall
41:27 Chemistry
42:53 Iron Casting
42:10 Fletching
42:20 Padded Archer Armor
45:22 Ballistics
45:30 Bodkin Arrow
45:51 Leather Archer Armor
46:21 Devotion
47:25 Capped Ram
47:40 Elite Skirmisher
48:25 Thumb Ring
48:27 Bracer
48:58 Ring Archer Armor
49:50 Siege Ram
52:58 Hoardings
RafaSchulze
6:03 Loom
11:25 Feudal Age
12:12 Double-Bit Axe
13:27 Gold Mining
18:12 Castle Age
16:29 Horse Collar
18:31 Bloodlines
19:28 Bow Saw
20:32 Husbandry
21:34 Heavy Plow
24:10 Wheelbarrow
25:26 Gold Shaft Mining
24:36 Elite Skirmisher
25:40 Stone Mining
26:26 Hand Cart
28:31 Stone Shaft Mining
29:06 Scale Barding Armor
29:16 Town Watch
31:13 Town Patrol
32:36 Forging
32:30 Scale Mail Armor
33:58 Fletching
34:10 Padded Archer Armor
37:36 Imperial Age
35:54 Leather Archer Armor
37:50 Chain Barding Armor
37:28 Bodkin Arrow
38:20 Heavy Scorpion
41:24 Chemistry
42:15 Conscription
42:25 Conscription
42:51 Elite Battle Elephant
44:29 Plate Barding Armor
45:53 Ballistics
46:37 Plate Barding Armor
46:39 Iron Casting
46:06 Bracer
47:38 Masonry
47:37 Siege Engineers
47% Win Rate
0:26 Loom
12:35 Feudal Age
14:17 Double-Bit Axe
17:16 Castle Age
16:09 Fishing Lines
18:21 Bow Saw
18:11 Stone Mining
18:21 Gillnets
19:43 Horse Collar
24:45 Gold Mining
26:25 Wheelbarrow
25:36 Town Watch
26:52 Gold Shaft Mining
27:40 Caravan
32:31 Imperial Age
30:17 Hand Cart
30:03 Town Patrol
30:34 Town Patrol
31:46 Ballistas
31:57 Squires
31:58 Scale Mail Armor
32:08 Forging
32:38 Devotion
32:37 Heavy Scorpion
33:40 Conscription
32:50 Pikeman
34:27 Block Printing
35:18 Illumination
36:56 Redemption
37:35 Husbandry
44:34 Ballistics
45:15 Chemistry
44:20 Siege Engineers
44:55 Heavy Plow
49:26 Onager
49:36 Light Cavalry
50:26 Bloodlines
54:32 Scale Barding Armor
55:02 Iron Casting
Biggoted Bill
0:29 Loom
13:33 Feudal Age
14:39 Double-Bit Axe
15:24 Horse Collar
21:14 Castle Age
19:51 Wheelbarrow
20:10 Stone Mining
20:13 Gold Mining
21:02 Fishing Lines
22:10 Bow Saw
22:18 Heavy Plow
27:00 Fortified Wall
29:27 Imperial Age
27:39 Hand Cart
28:30 Gillnets
28:52 Treadmill Crane
29:26 Man-at-Arms
29:52 Arson
30:09 Squires
31:23 Chemistry
31:04 Capped Ram
32:25 Long Swordsman
33:34 Scale Mail Armor
33:45 Forging
33:26 Fletching
33:30 Elite Skirmisher
33:31 Crossbowman
34:46 Pikeman
36:05 Caravan
37:52 Two-Man Saw
37:12 Padded Archer Armor
37:48 Iron Casting
37:20 Scale Barding Armor
38:24 Crop Rotation
38:41 Bodkin Arrow
39:02 Chain Mail Armor
39:27 Murder Holes
39:52 Ballistics
40:19 Chain Barding Armor
40:57 Husbandry
40:17 Light Cavalry
42:09 Conscription
42:25 Hoardings
43:02 Bracer
43:39 Plate Barding Armor
43:27 Siege Ram
45:06 Halberdier
46:21 Two-Handed Swordsman
46:48 Gambesons
47:56 Plate Mail Armor
47:42 Leather Archer Armor
47:21 Champion
49:18 Gold Shaft Mining
49:22 Stone Shaft Mining
50:03 Ring Archer Armor
Connection lost

Rejoining the realm…

Still unreachable

The connection could not be restored.

Session expired

The server has moved on; the page needs a fresh start.